Map: Dusty Gorge

Players

Adversity - Winner!

  • Race: Terran Terran
  • Spawn Location: 5:00

krazymen - Winner!

  • Race: Zerg Zerg
  • Spawn Location: 3:00

BruceLee

  • Race: Terran Terran
  • Spawn Location: 9:00

Weon

  • Race: Terran Terran
  • Spawn Location: 11:00

VOD

Have the link to the VOD?

Description

Time

  • Played on: July 14, 2018, 4:26 p.m.
  • Length: 10:11
Show
View Real Time Build Order
Export as new Build Order

Adversity Terran - Winner!

Build Orders:  

Get SALT Encoding   

  12  0:03  SCV  
  13  0:15  SCV  
  13  0:21  Supply Depot  
  14  0:27  SCV  
  15  0:30  Refinery  
  15  0:42  SCV  
  16  0:46  Barracks  
  16  0:54  SCV  
  17  1:06  SCV  
  17  1:11  Barracks  
  18  1:18  SCV  
  19  1:27  Barracks  
  19  1:33  Reaper  
  20  1:43  Orbital Command  
  20  1:58  Supply Depot, Reaper  
  21  2:05  Refinery  
  21  2:06  Reaper  
  22  2:11  SCV  
  23  2:20  Reaper  
  24  2:23  SCV  
  24  2:25  Supply Depot  
  25  2:33  Reaper  
  25  2:35  SCV  
  27  2:46  Reaper  
  27  2:48  SCV  
  29  3:06  Reaper  
  29  3:07  Reaper  
  29  3:09  Command Center  
  29  3:11  SCV  
  32  3:32  Barracks Tech Lab  
  32  3:33  SCV  
  33  3:36  Factory  
  33  3:40  Barracks Reactor  
  33  3:41  Marine  
  34  3:53  Marine  
  34  3:54  Stimpack  
  34  3:55  SCV  
  35  3:59  Marine  
  36  4:07  SCV  
  37  4:14  Marine  
  37  4:17  Marine  
  37  4:19  SCV  
  37  4:21  Marine x2  
  37  4:22  Factory Reactor, Starport  
  37  4:24  Orbital Command  
  41  4:32  SCV  
  41  4:37  Marine x2  
  44  4:42  Marine x2  
  44  4:44  SCV  
  47  4:51  SCV  
  48  4:56  Marine x2  
  50  5:05  SCV  
  51  5:09  Engineering Bay, SCV  
  51  5:10  Factory Tech Lab, Barracks x2  
  52  5:18  Marine x2  
  51  5:21  Barracks Reactor  
  51  5:22  Medivac, Marine  
  51  5:27  Medivac, SCV x2  
  57  5:32  Supply Depot  
  57  5:38  Terran Infantry Weapons Level 1  
  57  5:45  SCV x2  
  58  5:59  Marine x3  
  58  6:00  Marine, Barracks Reactor x2  
  58  6:03  SCV x2  
  62  6:05  Refinery  
  62  6:06  Refinery  
  62  6:15  SCV x2  
  62  6:16  Supply Depot  
  62  6:17  Combat Shield  
  62  6:18  Supply Depot  
  64  6:27  SCV  
  64  6:31  Marine x4  
  64  6:32  Marine  
  70  6:48  Marine x4  
  66  6:59  Marine x5  
  71  7:04  Siege Tank  
  74  7:11  Marine x4  
  74  7:12  SCV  
  74  7:13  SCV  
  68  7:15  Supply Depot  
  68  7:16  Medivac, Supply Depot  
  68  7:17  Medivac  
  68  7:21  Marine x4  
  68  7:22  Marine  
  77  7:27  SCV x2  
  77  7:29  Marine x2  
  81  7:32  Marine x2  
  81  7:33  Terran Infantry Armor Level 1  
  83  7:43  SCV x2  
  85  7:44  Supply Depot  
  85  7:45  Supply Depot  
  88  7:51  Medivac  
  88  7:52  Medivac  
  92  8:00  Command Center  
  92  8:03  Marine  
  92  8:04  Marine x6  
  96  8:15  Armory  
  96  8:16  Supply Depot, Engineering Bay  
  96  8:21  Marauder  
  96  8:22  Concussive Shells  
  98  8:27  SCV x2  
  98  8:29  Medivac  
  98  8:30  Medivac  
  98  8:31  Marine  
  98  8:32  Marine x5  
  110  8:35  Marauder  
  112  8:41  SCV  
  112  8:42  SCV  
  112  8:46  Supply Depot  
  112  8:47  Supply Depot  
  114  8:54  SCV x2  
  116  9:06  Marine x6  
  116  9:09  Marauder x2  
  126  9:12  Orbital Command  
  126  9:15  Supply Depot  
  126  9:28  SCV  
  126  9:29  SCV  
  128  9:40  SCV  
  129  9:46  Barracks  
  129  9:48  Barracks  
Show
View Real Time Build Order
Export as new Build Order

krazymen Zerg - Winner!

Build Orders: 3 Hatch before Pool 

Get SALT Encoding   

  12  0:00  Drone  
  13  0:08  Drone  
  14  0:18  Overlord  
  14  0:36  Drone x3  
  17  0:57  Hatchery  
  17  0:58  Drone  
  17  1:20  Hatchery  
  16  1:37  Extractor, Spawning Pool  
  16  1:38  Drone  
  15  1:42  Drone  
  15  1:46  Drone  
  17  2:02  Drone x2  
  19  2:16  Drone  
  19  2:17  Drone  
  21  2:24  Queen x2  
  21  2:27  Drone  
  21  2:28  Drone  
  27  2:44  Overlord, Roach Warren  
  27  2:50  Drone x2  
  28  3:00  Zergling x2  
  28  3:01  Zergling x4  
  31  3:06  Overlord  
  31  3:12  Metabolic Boost  
  31  3:16  Overlord, Extractor  
  30  3:27  Drone x2  
  30  3:28  Drone x2  
  34  3:37  Lair  
  34  3:40  Drone  
  35  3:42  Drone  
  36  3:50  Drone x3  
  39  4:06  Drone x4  
  39  4:07  Drone x2  
  45  4:10  Extractor  
  45  4:12  Extractor  
  45  4:15  Queen  
  45  4:20  Drone x2  
  47  4:25  Overlord  
  47  4:34  Roach x2  
  47  4:36  Glial Reconstitution  
  51  4:39  Roach  
  51  4:44  Roach x2  
  57  4:48  Roach  
  57  4:50  Roach  
  57  4:52  Overlord  
  61  5:03  Roach x2  
  65  5:10  Overlord x2  
  65  5:18  Queen  
  67  5:22  Roach x3  
  67  5:24  Overlord x2  
  73  5:29  Roach x2  
  73  5:33  Drone x2  
  73  5:34  Drone  
  80  5:37  Drone  
  80  5:38  Drone  
  80  5:39  Drone  
  83  5:47  Infestation Pit  
  83  5:49  Drone  
  83  5:50  Drone, Hydralisk Den  
  83  5:59  Drone x4  
  87  6:05  Drone x3  
  87  6:06  Drone  
  87  6:08  Drone  
  92  6:20  Baneling Nest  
  92  6:21  Drone x5  
  96  6:30  Hive  
  96  6:42  Drone x3  
  96  6:43  Drone x5  
  96  6:45  Overlord, Extractor x2  
  102  6:50  Grooved Spines  
  102  6:54  Drone x2  
  102  6:56  Evolution Chamber  
  102  6:57  Evolution Chamber  
  102  6:58  Zergling x6  
  105  7:10  Zergling x8  
  109  7:18  Drone x2  
  111  7:28  Hatchery  
  111  7:29  Zergling x4  
  113  7:30  Zergling x4  
  113  7:31  Overlord  
  113  7:32  Overlord  
  113  7:34  Zerg Melee Weapons Level 1, Zerg Ground Armor Level 1  
  114  7:44  Centrifical Hooks  
  114  7:49  Overlord  
  114  7:50  Overlord, Ultralisk Cavern  
  113  7:52  Pneumatized Carapace  
  113  8:01  Muscular Augments  
  113  8:05  Overlord x2  
  113  8:08  Overlord  
  113  8:11  Overlord  
  113  8:12  Overlord  
  113  8:14  Hatchery  
  113  8:18  Zergling x6  
  113  8:19  Zergling x4  
  117  8:23  Viper x2  
  123  8:39  Baneling x2  
  123  8:40  Baneling x8  
  123  8:41  Baneling  
  123  8:42  Ultralisk  
  123  8:43  Ultralisk  
  135  8:55  Overlord x2  
  131  9:16  Ultralisk x3  
  147  9:27  Overlord x2  
  147  9:29  Overlord x2  
  147  9:31  Drone x2  
  147  9:32  Drone x5  
  154  9:39  Viper x3  
  154  9:41  Extractor  
  162  9:45  Extractor  
  162  9:47  Extractor  
  162  9:49  Extractor  
Show
View Real Time Build Order
Export as new Build Order

BruceLee Terran 

Build Orders:  

Get SALT Encoding   

  12  0:01  SCV  
  13  0:13  SCV  
  14  0:21  Supply Depot  
  14  0:25  SCV  
  15  0:31  Refinery  
  15  0:44  Barracks  
  15  0:47  SCV  
  16  1:01  Barracks  
  16  1:05  SCV  
  17  1:17  SCV  
  18  1:34  Orbital Command  
  18  1:38  Barracks Tech Lab  
  18  1:49  Marine  
  19  1:56  Supply Depot, Marauder  
  21  2:06  Factory, SCV  
  22  2:08  Marine  
  23  2:19  Marauder  
  25  2:39  SCV  
  26  3:00  Siege Tank  
  26  3:01  Marine x2  
  26  3:05  Command Center  
  31  3:17  Refinery  
  31  3:19  Marine x2  
  29  3:36  SCV  
  29  3:37  Marine  
  31  3:48  SCV  
  32  4:01  Siege Tank  
  36  4:02  SCV  
  36  4:15  SCV  
  37  4:21  Orbital Command  
  37  4:29  Starport  
  37  4:32  Barracks Reactor  
  37  4:34  SCV  
  38  4:46  SCV  
  39  4:58  Engineering Bay  
  39  5:03  SCV  
  39  5:04  SCV  
  41  5:12  Marine x2  
  43  5:15  SCV  
  43  5:16  SCV  
  43  5:18  Refinery  
  43  5:27  SCV  
  43  5:28  Missile Turret, SCV  
  45  5:35  Missile Turret  
  45  5:36  Missile Turret  
  45  5:45  SCV  
  45  5:46  SCV  
  49  5:50  Widow Mine  
  49  5:53  Armory  
  49  5:57  SCV  
  49  5:58  SCV  
  49  6:01  Marine x2  
  53  6:10  Medivac  
  55  6:12  SCV  
  55  6:13  Supply Depot, SCV  
  55  6:14  Supply Depot  
  57  6:19  Widow Mine  
  57  6:24  SCV  
  60  6:27  Missile Turret  
  60  6:38  Missile Turret  
  60  6:57  SCV  
  60  7:09  SCV  
  57  7:20  Supply Depot  
  57  7:22  Command Center  
  57  7:23  SCV  
  57  7:24  Supply Depot  
  57  7:26  Supply Depot  
  58  7:32  Missile Turret  
  58  7:33  Missile Turret, Terran Vehicle Weapons Level 1  
  58  7:35  SCV  
  59  7:41  Missile Turret, Thor  
  65  7:47  SCV  
  66  7:59  Factory, SCV  
  66  8:01  Factory  
  66  8:04  SCV  
  68  8:09  Refinery  
  68  8:16  SCV  
  68  8:19  SCV  
  70  8:20  Viking x2  
  70  8:24  Siege Tank  
  77  8:28  SCV  
  77  8:33  SCV  
  79  8:40  Missile Turret, SCV  
  80  8:44  Factory Tech Lab x2  
  80  8:45  SCV  
  81  8:52  SCV  
  82  8:57  Thor  
  88  9:04  SCV  
  89  9:11  Missile Turret  
  89  9:14  Missile Turret  
  93  9:50  Missile Turret  
  93  9:53  Missile Turret  
Show
View Real Time Build Order
Export as new Build Order

Weon Terran 

Build Orders: Mech 

Get SALT Encoding   

  12  0:01  SCV  
  13  0:13  SCV  
  14  0:20  Supply Depot  
  14  0:25  SCV  
  15  0:29  Refinery  
  15  0:42  SCV  
  16  0:46  Barracks  
  16  0:54  SCV  
  17  1:06  SCV  
  18  1:18  SCV  
  20  1:34  Orbital Command  
  19  1:40  Barracks Reactor  
  19  1:46  Supply Depot  
  19  1:51  Factory  
  19  2:00  SCV  
  20  2:16  Command Center  
  20  2:18  SCV  
  21  2:28  Refinery  
  21  2:30  SCV  
  22  2:43  SCV  
  23  3:07  Cyclone  
  23  3:08  Cyclone  
  23  3:10  SCV  
  29  3:22  Supply Depot  
  26  3:28  Orbital Command  
  26  3:32  SCV  
  27  3:39  Cyclone  
  27  3:40  Cyclone  
  33  3:44  SCV  
  34  3:56  SCV  
  34  3:59  SCV  
  36  4:08  SCV  
  37  4:11  SCV  
  41  4:17  Factory Reactor  
  41  4:20  SCV  
  40  4:24  SCV  
  40  4:34  SCV, Command Center  
  40  4:36  SCV  
  40  4:37  Refinery x2  
  42  4:43  Barracks Tech Lab  
  42  4:45  Factory x2  
  42  4:46  SCV  
  43  4:53  SCV  
  43  4:58  SCV, Widow Mine x2  
  49  5:04  Armory  
  49  5:07  Engineering Bay, SCV  
  49  5:10  SCV  
  51  5:19  SCV  
  52  5:24  SCV  
  53  5:29  Factory Reactor  
  53  5:31  Factory  
  53  5:33  SCV  
  54  5:42  Supply Depot  
  54  5:46  Cyclone x2, SCV  
  60  5:58  SCV x2  
  60  6:00  SCV  
  63  6:09  Barracks Tech Lab  
  63  6:10  SCV x2  
  65  6:15  Orbital Command  
  65  6:17  Missile Turret  
  65  6:18  Refinery  
  65  6:22  SCV  
  65  6:23  SCV  
  65  6:24  Factory  
  67  6:26  Terran Vehicle Weapons Level 1  
  67  6:35  SCV  
  67  6:36  Thor  
  67  6:38  SCV  
  75  6:41  Refinery  
  75  6:46  SCV  
  76  6:53  Supply Depot  
  76  6:58  SCV  
  76  7:02  Siege Tank, Widow Mine  
  76  7:04  Widow Mine  
  76  7:17  SCV x3  
  76  7:19  Factory Tech Lab, Siege Tank, Widow Mine  
  84  7:29  SCV  
  85  7:36  Armory  
  85  7:39  Supply Depot  
  85  7:40  Drilling Claws  
  85  7:42  Supply Depot  
  85  7:43  Infernal Pre-Igniter  
  85  8:00  SCV x3, Siege Tank  
  85  8:01  Hellion  
  85  8:03  Thor  
  85  8:04  Hellion  
  101  8:21  Supply Depot  
  101  8:23  Supply Depot  
  101  8:28  Supply Depot  
  101  8:40  Supply Depot  
  101  8:42  Supply Depot, SCV x3, Siege Tank  
  101  8:43  Hellion  
  101  8:45  Hellion x2, Smart Servos  
  113  8:54  SCV x3  
  116  9:06  SCV x3  
  119  9:11  Thor x2  
  119  9:12  Hellion  
  119  9:13  Hellion  
  135  9:19  SCV x2  
  135  9:21  SCV  
  138  9:39  Widow Mine  
  138  9:42  SCV  
  141  9:50  SCV  
Tags
 
Add a new tag
Caveats
  • Supply blocks, unpowered buildings, or Contaminate may cause inaccurate times.
  • Supply counts are checked every 10 seconds.